 Dungeon Crawl Stone Soup version 0.14-a0-3367-g7c2a7eb (webtiles) character file.

272 Sabsy the Ruffian (level 5, 0/48 HPs)
             Began as a Minotaur Monk on Mar 19, 2014.
             Succumbed to an adder's poison
             ... on Level 3 of the Dungeon.
             The game lasted 00:07:01 (2403 turns).

Sabsy the Ruffian (Minotaur Monk)                   Turns: 2403, Time: 00:07:02

HP   0/48        AC  2     Str 17      XL: 5   Next:  2%
MP   2/2         EV 14     Int  7      God:
Gold 132         SH  0     Dex 12      Spells:  0 memorised,  4 levels left

rFire  . . .     SeeInvis .       - Unarmed
rCold  . . .     Clarity  .     a - +0 robe
rNeg   . . .     Conserve .     (no shield)
rPois  .         rCorr    .     (helmet restricted)
rElec  .         rRot     .     (no cloak)
SustAb . .       Spirit   .     (no gloves)
rMut   .         Warding  .     (no boots)
Saprov . . .     Stasis   .     (no amulet)
MR     .....                    (no ring)
                                (no ring)

@: lethally poisoned, not resistant to hostile enchantments, unstealthy
A: retaliatory headbutt, horns 2
a: no special abilities


You were on level 3 of the Dungeon.
You were not hungry.

You visited 1 branch of the dungeon, and saw 3 of its levels.

You collected 132 gold pieces.

Inventory:

Armour
 a - a +0 robe (worn)
Magical devices
 f - a wand of random effects (7) {unknown}
 n - a wand of polymorph (0)
Comestibles
 b - a bread ration
Scrolls
 d - 2 scrolls of identify {unknown}
 e - a scroll of fear {unknown}
 g - 4 scrolls of remove curse {unknown}
 l - 3 scrolls of immolation {unknown}
 m - a scroll of fog {unknown}
 o - a scroll of noise {unknown}
 p - a scroll of teleportation {unknown}
Jewellery
 c - an uncursed amulet of stasis {unknown}
Potions
 h - a potion of flight {unknown}
 i - a potion of brilliance {unknown}
 k - a potion of curing {unknown}
 q - a potion of restore abilities {unknown}
 r - a potion of agility {unknown}
 s - a potion of haste {unknown}


   Skills:
 + Level 5.0 Fighting
 + Level 4.5 Dodging
 - Level 1.5 Stealth
 + Level 5.2 Unarmed Combat


You had 4 spell levels left.
You didn't know any spells.

Dungeon Overview and Level Annotations

Branches:
Dungeon (3/15)

Altars:
Elyvilon


Innate Abilities, Weirdness & Mutations

You reflexively headbutt those who attack you in melee.
You have a pair of horns on your head.


Message History

You start resting.
You feel sick.
You start resting.
You feel sick.
You start resting.
You feel sick.
You start resting.
Your transformation is almost over.
You feel sick.
You start resting.
You feel sick.
You start resting.
You feel sick.
You feel less woody.
Your +0 robe unmelds from your body.
You start resting.
* * * LOW HITPOINT WARNING * * *
You feel sick.
You start resting.
You die...

#.##... #.##..######....
# #.##..##.......#
#.#..#..##.......##
#.#..#..##........## #
#.#.##..##.........##
###.#.......##..........#
+........#..##..........#
#...%@..##.........###
#.........%.........###.
###.#.#........###.###..
#.#...##########.##... #
#.#.................
#.###.....####...... #.#
#.....# ##..... #.#
#.....# #..... #.#
#.....# #.....


There were no monsters in sight!

Vanquished Creatures
  Ijyb (D:2)
  Jessica (D:2)
  A gnoll (D:1)
  3 adders
  2 worms
  3 giant geckos (D:3)
  An ooze (D:2)
  A ball python (D:2)
  2 giant cockroaches
  7 goblins
  10 hobgoblins
  6 bats
  6 giant newts
  5 kobolds
  11 rats
60 creatures vanquished.

Notes
Turn   | Place    | Note
--------------------------------------------------------------
     0 | D:1      | Sabsy, the Minotaur Monk, began the quest for the Orb.
     0 | D:1      | Reached XP level 1. HP: 19/19 MP: 1/1
   202 | D:1      | Reached XP level 2. HP: 27/27 MP: 1/1
   353 | D:1      | You fall through a shaft!
   460 | D:1      | Reached XP level 3. HP: 25/33 MP: 2/2
  1442 | D:2      | Reached skill level 5 in Unarmed Combat
  1453 | D:2      | Noticed Jessica
  1461 | D:2      | Killed Jessica
  1461 | D:2      | Reached XP level 4. HP: 38/41 MP: 2/2
  1551 | D:2      | Noticed Ijyb
  1573 | D:2      | Killed Ijyb
  1612 | D:2      | Found a white marble altar of Elyvilon.
  2352 | D:3      | Reached skill level 5 in Fighting
  2374 | D:3      | Reached XP level 5. HP: 9/48 MP: 2/2
  2388 | D:3      | HP: 3/72 [poisoned by an adder]
  2395 | D:3      | HP: 3/72 [poisoned by an adder]
  2399 | D:3      | HP: 1/48 [poisoned by an adder]
  2403 | D:3      | Succumbed to an adder's poison

Action                   |  1- 3 |  4- 6 || total
-------------------------+-------+-------++-------
Melee: Unarmed           |    69 |    76 ||   145
  Use: Potion            |     1 |     1 ||     2
 Stab: Sleeping          |     2 |       ||     2
